Workbook

Sheet Income
A1: Source | B1: Date | C1: Account | D1: Gross Receipt | E1: Fees | F1: Net Receipt
E2: =VLOOKUP(C2,'Revenue Accounts'!$A:$B,2,FALSE)*$D2 -> #N/A | F2: =$D2-$E2 -> #N/A
E3: =VLOOKUP(C3,'Revenue Accounts'!$A:$B,2,FALSE)*$D3 -> #N/A | F3: =$D3-$E3 -> #N/A
E4: =VLOOKUP(C4,'Revenue Accounts'!$A:$B,2,FALSE)*$D4 -> #N/A | F4: =$D4-$E4 -> #N/A
E5: =VLOOKUP(C5,'Revenue Accounts'!$A:$B,2,FALSE)*$D5 -> #N/A | F5: =$D5-$E5 -> #N/A
E6: =VLOOKUP(C6,'Revenue Accounts'!$A:$B,2,FALSE)*$D6 -> #N/A | F6: =$D6-$E6 -> #N/A
E7: =VLOOKUP(C7,'Revenue Accounts'!$A:$B,2,FALSE)*$D7 -> #N/A | F7: =$D7-$E7 -> #N/A
E8: =VLOOKUP(C8,'Revenue Accounts'!$A:$B,2,FALSE)*$D8 -> #N/A | F8: =$D8-$E8 -> #N/A
E9: =VLOOKUP(C9,'Revenue Accounts'!$A:$B,2,FALSE)*$D9 -> #N/A | F9: =$D9-$E9 -> #N/A
E10: =VLOOKUP(C10,'Revenue Accounts'!$A:$B,2,FALSE)*$D10 -> #N/A | F10: =$D10-$E10 -> #N/A
E11: =VLOOKUP(C11,'Revenue Accounts'!$A:$B,2,FALSE)*$D11 -> #N/A | F11: =$D11-$E11 -> #N/A
E12: =VLOOKUP(C12,'Revenue Accounts'!$A:$B,2,FALSE)*$D12 -> #N/A | F12: =$D12-$E12 -> #N/A
E13: =VLOOKUP(C13,'Revenue Accounts'!$A:$B,2,FALSE)*$D13 -> #N/A | F13: =$D13-$E13 -> #N/A
... E1000: =VLOOKUP(C1000,'Revenue Accounts'!$A:$B,2,FALSE)*$D1000 -> #N/A | F1000: =$D1000-$E1000 -> #N/A

Sheet Revenue Accounts
A1: Account | B1: Expense Ratio | C1: Gross In | D1: Net In | E1: Budgeted | F1: Net Committed | G1: Spent | H1: Unspent | I1: Uncommitted | J1: Unbudgeted
C2: =SUMIF(Income!$C:$C,"="&'Revenue Accounts'!$A2,Income!$D:$D) -> 0 | D2: =SUMIF(Income!$C:$C,"="&'Revenue Accounts'!$A2,Income!$F:$F) -> #N/A | E2: =SUMIF('Budget Lines'!$B:$B,"="&'Revenue Accounts'!$A2,'Budget Lines'!$C:$C) -> 0 | F2: =SUMIF(Commitments!$C:$C,"="&'Revenue Accounts'!$A2,Commitments!$F:$F) -> 0 | G2: =SUMIF('Budget Lines'!$B:$B,"="&'Revenue Accounts'!$A2,'Budget Lines'!$G:$G) -> 0 | H2: =$D2-$G2 -> #N/A | I2: =$D2-$F2-$G2 -> #N/A | J2: =$D2-$E2 -> #N/A
C3: =SUMIF(Income!$C:$C,"="&'Revenue Accounts'!$A3,Income!$D:$D) -> 0 | D3: =SUMIF(Income!$C:$C,"="&'Revenue Accounts'!$A3,Income!$F:$F) -> #N/A | E3: =SUMIF('Budget Lines'!$B:$B,"="&'Revenue Accounts'!$A3,'Budget Lines'!$C:$C) -> 0 | F3: =SUMIF(Commitments!$C:$C,"="&'Revenue Accounts'!$A3,Commitments!$F:$F) -> 0 | G3: =SUMIF('Budget Lines'!$B:$B,"="&'Revenue Accounts'!$A3,'Budget Lines'!$G:$G) -> 0 | H3: =$D3-$G3 -> #N/A | I3: =$D3-$F3-$G3 -> #N/A | J3: =$D3-$E3 -> #N/A
C4: =SUMIF(Income!$C:$C,"="&'Revenue Accounts'!$A4,Income!$D:$D) -> 0 | D4: =SUMIF(Income!$C:$C,"="&'Revenue Accounts'!$A4,Income!$F:$F) -> #N/A | E4: =SUMIF('Budget Lines'!$B:$B,"="&'Revenue Accounts'!$A4,'Budget Lines'!$C:$C) -> 0 | F4: =SUMIF(Commitments!$C:$C,"="&'Revenue Accounts'!$A4,Commitments!$F:$F) -> 0 | G4: =SUMIF('Budget Lines'!$B:$B,"="&'Revenue Accounts'!$A4,'Budget Lines'!$G:$G) -> 0 | H4: =$D4-$G4 -> #N/A | I4: =$D4-$F4-$G4 -> #N/A | J4: =$D4-$E4 -> #N/A
C5: =SUMIF(Income!$C:$C,"="&'Revenue Accounts'!$A5,Income!$D:$D) -> 0 | D5: =SUMIF(Income!$C:$C,"="&'Revenue Accounts'!$A5,Income!$F:$F) -> #N/A | E5: =SUMIF('Budget Lines'!$B:$B,"="&'Revenue Accounts'!$A5,'Budget Lines'!$C:$C) -> 0 | F5: =SUMIF(Commitments!$C:$C,"="&'Revenue Accounts'!$A5,Commitments!$F:$F) -> 0 | G5: =SUMIF('Budget Lines'!$B:$B,"="&'Revenue Accounts'!$A5,'Budget Lines'!$G:$G) -> 0 | H5: =$D5-$G5 -> #N/A | I5: =$D5-$F5-$G5 -> #N/A | J5: =$D5-$E5 -> #N/A
C6: =SUMIF(Income!$C:$C,"="&'Revenue Accounts'!$A6,Income!$D:$D) -> 0 | D6: =SUMIF(Income!$C:$C,"="&'Revenue Accounts'!$A6,Income!$F:$F) -> #N/A | E6: =SUMIF('Budget Lines'!$B:$B,"="&'Revenue Accounts'!$A6,'Budget Lines'!$C:$C) -> 0 | F6: =SUMIF(Commitments!$C:$C,"="&'Revenue Accounts'!$A6,Commitments!$F:$F) -> 0 | G6: =SUMIF('Budget Lines'!$B:$B,"="&'Revenue Accounts'!$A6,'Budget Lines'!$G:$G) -> 0 | H6: =$D6-$G6 -> #N/A | I6: =$D6-$F6-$G6 -> #N/A | J6: =$D6-$E6 -> #N/A
C7: =SUMIF(Income!$C:$C,"="&'Revenue Accounts'!$A7,Income!$D:$D) -> 0 | D7: =SUMIF(Income!$C:$C,"="&'Revenue Accounts'!$A7,Income!$F:$F) -> #N/A | E7: =SUMIF('Budget Lines'!$B:$B,"="&'Revenue Accounts'!$A7,'Budget Lines'!$C:$C) -> 0 | F7: =SUMIF(Commitments!$C:$C,"="&'Revenue Accounts'!$A7,Commitments!$F:$F) -> 0 | G7: =SUMIF('Budget Lines'!$B:$B,"="&'Revenue Accounts'!$A7,'Budget Lines'!$G:$G) -> 0 | H7: =$D7-$G7 -> #N/A | I7: =$D7-$F7-$G7 -> #N/A | J7: =$D7-$E7 -> #N/A
C8: =SUMIF(Income!$C:$C,"="&'Revenue Accounts'!$A8,Income!$D:$D) -> 0 | D8: =SUMIF(Income!$C:$C,"="&'Revenue Accounts'!$A8,Income!$F:$F) -> #N/A | E8: =SUMIF('Budget Lines'!$B:$B,"="&'Revenue Accounts'!$A8,'Budget Lines'!$C:$C) -> 0 | F8: =SUMIF(Commitments!$C:$C,"="&'Revenue Accounts'!$A8,Commitments!$F:$F) -> 0 | G8: =SUMIF('Budget Lines'!$B:$B,"="&'Revenue Accounts'!$A8,'Budget Lines'!$G:$G) -> 0 | H8: =$D8-$G8 -> #N/A | I8: =$D8-$F8-$G8 -> #N/A | J8: =$D8-$E8 -> #N/A
C9: =SUMIF(Income!$C:$C,"="&'Revenue Accounts'!$A9,Income!$D:$D) -> 0 | D9: =SUMIF(Income!$C:$C,"="&'Revenue Accounts'!$A9,Income!$F:$F) -> #N/A | E9: =SUMIF('Budget Lines'!$B:$B,"="&'Revenue Accounts'!$A9,'Budget Lines'!$C:$C) -> 0 | F9: =SUMIF(Commitments!$C:$C,"="&'Revenue Accounts'!$A9,Commitments!$F:$F) -> 0 | G9: =SUMIF('Budget Lines'!$B:$B,"="&'Revenue Accounts'!$A9,'Budget Lines'!$G:$G) -> 0 | H9: =$D9-$G9 -> #N/A | I9: =$D9-$F9-$G9 -> #N/A | J9: =$D9-$E9 -> #N/A
C10: =SUMIF(Income!$C:$C,"="&'Revenue Accounts'!$A10,Income!$D:$D) -> 0 | D10: =SUMIF(Income!$C:$C,"="&'Revenue Accounts'!$A10,Income!$F:$F) -> #N/A | E10: =SUMIF('Budget Lines'!$B:$B,"="&'Revenue Accounts'!$A10,'Budget Lines'!$C:$C) -> 0 | F10: =SUMIF(Commitments!$C:$C,"="&'Revenue Accounts'!$A10,Commitments!$F:$F) -> 0 | G10: =SUMIF('Budget Lines'!$B:$B,"="&'Revenue Accounts'!$A10,'Budget Lines'!$G:$G) -> 0 | H10: =$D10-$G10 -> #N/A | I10: =$D10-$F10-$G10 -> #N/A | J10: =$D10-$E10 -> #N/A
C11: =SUMIF(Income!$C:$C,"="&'Revenue Accounts'!$A11,Income!$D:$D) -> 0 | D11: =SUMIF(Income!$C:$C,"="&'Revenue Accounts'!$A11,Income!$F:$F) -> #N/A | E11: =SUMIF('Budget Lines'!$B:$B,"="&'Revenue Accounts'!$A11,'Budget Lines'!$C:$C) -> 0 | F11: =SUMIF(Commitments!$C:$C,"="&'Revenue Accounts'!$A11,Commitments!$F:$F) -> 0 | G11: =SUMIF('Budget Lines'!$B:$B,"="&'Revenue Accounts'!$A11,'Budget Lines'!$G:$G) -> 0 | H11: =$D11-$G11 -> #N/A | I11: =$D11-$F11-$G11 -> #N/A | J11: =$D11-$E11 -> #N/A
C12: =SUMIF(Income!$C:$C,"="&'Revenue Accounts'!$A12,Income!$D:$D) -> 0 | D12: =SUMIF(Income!$C:$C,"="&'Revenue Accounts'!$A12,Income!$F:$F) -> #N/A | E12: =SUMIF('Budget Lines'!$B:$B,"="&'Revenue Accounts'!$A12,'Budget Lines'!$C:$C) -> 0 | F12: =SUMIF(Commitments!$C:$C,"="&'Revenue Accounts'!$A12,Commitments!$F:$F) -> 0 | G12: =SUMIF('Budget Lines'!$B:$B,"="&'Revenue Accounts'!$A12,'Budget Lines'!$G:$G) -> 0 | H12: =$D12-$G12 -> #N/A | I12: =$D12-$F12-$G12 -> #N/A | J12: =$D12-$E12 -> #N/A
C13: =SUMIF(Income!$C:$C,"="&'Revenue Accounts'!$A13,Income!$D:$D) -> 0 | D13: =SUMIF(Income!$C:$C,"="&'Revenue Accounts'!$A13,Income!$F:$F) -> #N/A | E13: =SUMIF('Budget Lines'!$B:$B,"="&'Revenue Accounts'!$A13,'Budget Lines'!$C:$C) -> 0 | F13: =SUMIF(Commitments!$C:$C,"="&'Revenue Accounts'!$A13,Commitments!$F:$F) -> 0 | G13: =SUMIF('Budget Lines'!$B:$B,"="&'Revenue Accounts'!$A13,'Budget Lines'!$G:$G) -> 0 | H13: =$D13-$G13 -> #N/A | I13: =$D13-$F13-$G13 -> #N/A | J13: =$D13-$E13 -> #N/A
... C1000: =SUMIF(Income!$C:$C,"="&'Revenue Accounts'!$A1000,Income!$D:$D) -> 0 | D1000: =SUMIF(Income!$C:$C,"="&'Revenue Accounts'!$A1000,Income!$F:$F) -> #N/A | E1000: =SUMIF('Budget Lines'!$B:$B,"="&'Revenue Accounts'!$A1000,'Budget Lines'!$C:$C) -> 0 | F1000: =SUMIF(Commitments!$C:$C,"="&'Revenue Accounts'!$A1000,Commitments!$F:$F) -> 0 | G1000: =SUMIF('Budget Lines'!$B:$B,"="&'Revenue Accounts'!$A1000,'Budget Lines'!$G:$G) -> 0 | H1000: =$D1000-$G1000 -> #N/A | I1000: =$D1000-$F1000-$G1000 -> #N/A | J1000: =$D1000-$E1000 -> #N/A

Sheet Budget Lines
A1: Budget Line | B1: Account | C1: Amount Budgeted | D1: Approver | E1: Available | F1: Unspent | G1: Spent | H1: Net Reserved | I1: Account Unbudgeted | AA1: Spent | AB1: ='Revenue Accounts'!$A$2 -> 0 | AC1: ='Revenue Accounts'!$A$3 -> 0
E2: =$C2-$G2-$H2 -> 0 | F2: =$C2-$G2 -> 0 | G2: =SUMIF(Expenses!$C:$C,"="&'Budget Lines'!$A2,Expenses!$H:$H) -> 0 | H2: =SUMIF(Commitments!$B:$B,"="&'Budget Lines'!$A2,Commitments!$G:$G) -> 0 | I2: =VLOOKUP($B2,'Revenue Accounts'!$A:$J,10,FALSE) -> #N/A | AB2: =IF(AB$1=$B2,$G2,0) -> 0 | AC2: =IF(AC$1=$B2,$G2,0) -> 0
E3: =$C3-$G3-$H3 -> 0 | F3: =$C3-$G3 -> 0 | G3: =SUMIF(Expenses!$C:$C,"="&'Budget Lines'!$A3,Expenses!$H:$H) -> 0 | H3: =SUMIF(Commitments!$B:$B,"="&'Budget Lines'!$A3,Commitments!$G:$G) -> 0 | I3: =VLOOKUP($B3,'Revenue Accounts'!$A:$J,10,FALSE) -> #N/A | AB3: =IF(AB$1=$B3,$G3,0) -> 0 | AC3: =IF(AC$1=$B3,$G3,0) -> 0
E4: =$C4-$G4-$H4 -> 0 | F4: =$C4-$G4 -> 0 | G4: =SUMIF(Expenses!$C:$C,"="&'Budget Lines'!$A4,Expenses!$H:$H) -> 0 | H4: =SUMIF(Commitments!$B:$B,"="&'Budget Lines'!$A4,Commitments!$G:$G) -> 0 | I4: =VLOOKUP($B4,'Revenue Accounts'!$A:$J,10,FALSE) -> #N/A | AB4: =IF(AB$1=$B4,$G4,0) -> 0 | AC4: =IF(AC$1=$B4,$G4,0) -> 0
E5: =$C5-$G5-$H5 -> 0 | F5: =$C5-$G5 -> 0 | G5: =SUMIF(Expenses!$C:$C,"="&'Budget Lines'!$A5,Expenses!$H:$H) -> 0 | H5: =SUMIF(Commitments!$B:$B,"="&'Budget Lines'!$A5,Commitments!$F:$F) -> 0 | I5: =VLOOKUP($B5,'Revenue Accounts'!$A:$J,10,FALSE) -> #N/A | AB5: =IF(AB$1=$B5,$G5,0) -> 0 | AC5: =IF(AC$1=$B5,$G5,0) -> 0
E6: =$C6-$G6-$H6 -> 0 | F6: =$C6-$G6 -> 0 | G6: =SUMIF(Expenses!$C:$C,"="&'Budget Lines'!$A6,Expenses!$H:$H) -> 0 | H6: =SUMIF(Commitments!$B:$B,"="&'Budget Lines'!$A6,Commitments!$F:$F) -> 0 | I6: =VLOOKUP($B6,'Revenue Accounts'!$A:$J,10,FALSE) -> #N/A | AB6: =IF(AB$1=$B6,$G6,0) -> 0 | AC6: =IF(AC$1=$B6,$G6,0) -> 0
E7: =$C7-$G7-$H7 -> 0 | F7: =$C7-$G7 -> 0 | G7: =SUMIF(Expenses!$C:$C,"="&'Budget Lines'!$A7,Expenses!$H:$H) -> 0 | H7: =SUMIF(Commitments!$B:$B,"="&'Budget Lines'!$A7,Commitments!$F:$F) -> 0 | I7: =VLOOKUP($B7,'Revenue Accounts'!$A:$J,10,FALSE) -> #N/A | AB7: =IF(AB$1=$B7,$G7,0) -> 0 | AC7: =IF(AC$1=$B7,$G7,0) -> 0
E8: =$C8-$G8-$H8 -> 0 | F8: =$C8-$G8 -> 0 | G8: =SUMIF(Expenses!$C:$C,"="&'Budget Lines'!$A8,Expenses!$H:$H) -> 0 | H8: =SUMIF(Commitments!$B:$B,"="&'Budget Lines'!$A8,Commitments!$F:$F) -> 0 | I8: =VLOOKUP($B8,'Revenue Accounts'!$A:$J,10,FALSE) -> #N/A | AB8: =IF(AB$1=$B8,$G8,0) -> 0 | AC8: =IF(AC$1=$B8,$G8,0) -> 0
E9: =$C9-$G9-$H9 -> 0 | F9: =$C9-$G9 -> 0 | G9: =SUMIF(Expenses!$C:$C,"="&'Budget Lines'!$A9,Expenses!$H:$H) -> 0 | H9: =SUMIF(Commitments!$B:$B,"="&'Budget Lines'!$A9,Commitments!$F:$F) -> 0 | I9: =VLOOKUP($B9,'Revenue Accounts'!$A:$J,10,FALSE) -> #N/A | AB9: =IF(AB$1=$B9,$G9,0) -> 0 | AC9: =IF(AC$1=$B9,$G9,0) -> 0
E10: =$C10-$G10-$H10 -> 0 | F10: =$C10-$G10 -> 0 | G10: =SUMIF(Expenses!$C:$C,"="&'Budget Lines'!$A10,Expenses!$H:$H) -> 0 | H10: =SUMIF(Commitments!$B:$B,"="&'Budget Lines'!$A10,Commitments!$F:$F) -> 0 | I10: =VLOOKUP($B10,'Revenue Accounts'!$A:$J,10,FALSE) -> #N/A | AB10: =IF(AB$1=$B10,$G10,0) -> 0 | AC10: =IF(AC$1=$B10,$G10,0) -> 0
E11: =$C11-$G11-$H11 -> 0 | F11: =$C11-$G11 -> 0 | G11: =SUMIF(Expenses!$C:$C,"="&'Budget Lines'!$A11,Expenses!$H:$H) -> 0 | H11: =SUMIF(Commitments!$B:$B,"="&'Budget Lines'!$A11,Commitments!$F:$F) -> 0 | I11: =VLOOKUP($B11,'Revenue Accounts'!$A:$J,10,FALSE) -> #N/A | AB11: =IF(AB$1=$B11,$G11,0) -> 0 | AC11: =IF(AC$1=$B11,$G11,0) -> 0
E12: =$C12-$G12-$H12 -> 0 | F12: =$C12-$G12 -> 0 | G12: =SUMIF(Expenses!$C:$C,"="&'Budget Lines'!$A12,Expenses!$H:$H) -> 0 | H12: =SUMIF(Commitments!$B:$B,"="&'Budget Lines'!$A12,Commitments!$F:$F) -> 0 | I12: =VLOOKUP($B12,'Revenue Accounts'!$A:$J,10,FALSE) -> #N/A | AB12: =IF(AB$1=$B12,$G12,0) -> 0 | AC12: =IF(AC$1=$B12,$G12,0) -> 0
E13: =$C13-$G13-$H13 -> 0 | F13: =$C13-$G13 -> 0 | G13: =SUMIF(Expenses!$C:$C,"="&'Budget Lines'!$A13,Expenses!$H:$H) -> 0 | H13: =SUMIF(Commitments!$B:$B,"="&'Budget Lines'!$A13,Commitments!$F:$F) -> 0 | I13: =VLOOKUP($B13,'Revenue Accounts'!$A:$J,10,FALSE) -> #N/A | AB13: =IF(AB$1=$B13,$G13,0) -> 0 | AC13: =IF(AC$1=$B13,$G13,0) -> 0
E14: =$C14-$G14-$H14 -> 0 | F14: =$C14-$G14 -> 0 | G14: =SUMIF(Expenses!$C:$C,"="&'Budget Lines'!$A14,Expenses!$H:$H) -> 0 | H14: =SUMIF(Commitments!$B:$B,"="&'Budget Lines'!$A14,Commitments!$F:$F) -> 0 | I14: =VLOOKUP($B14,'Revenue Accounts'!$A:$J,10,FALSE) -> #N/A | AB14: =IF(AB$1=$B14,$G14,0) -> 0 | AC14: =IF(AC$1=$B14,$G14,0) -> 0
E15: =$C15-$G15-$H15 -> 0 | F15: =$C15-$G15 -> 0 | G15: =SUMIF(Expenses!$C:$C,"="&'Budget Lines'!$A15,Expenses!$H:$H) -> 0 | H15: =SUMIF(Commitments!$B:$B,"="&'Budget Lines'!$A15,Commitments!$F:$F) -> 0 | I15: =VLOOKUP($B15,'Revenue Accounts'!$A:$J,10,FALSE) -> #N/A | AB15: =IF(AB$1=$B15,$G15,0) -> 0 | AC15: =IF(AC$1=$B15,$G15,0) -> 0
E16: =$C16-$G16-$H16 -> 0 | F16: =$C16-$G16 -> 0 | G16: =SUMIF(Expenses!$C:$C,"="&'Budget Lines'!$A16,Expenses!$H:$H) -> 0 | H16: =SUMIF(Commitments!$B:$B,"="&'Budget Lines'!$A16,Commitments!$F:$F) -> 0 | I16: =VLOOKUP($B16,'Revenue Accounts'!$A:$J,10,FALSE) -> #N/A | AB16: =IF(AB$1=$B16,$G16,0) -> 0 | AC16: =IF(AC$1=$B16,$G16,0) -> 0
... E27: =$C27-$G27-$H27 -> 0 | F27: =$C27-$G27 -> 0 | G27: =SUMIF(Expenses!$C:$C,"="&'Budget Lines'!$A27,Expenses!$H:$H) -> 0 | H27: =SUMIF(Commitments!$B:$B,"="&'Budget Lines'!$A27,Commitments!$F:$F) -> 0 | I27: =VLOOKUP($B27,'Revenue Accounts'!$A:$J,10,FALSE) -> #N/A | AB27: =IF(AB$1=$B27,$G27,0) -> 0 | AC27: =IF(AC$1=$B27,$G27,0) -> 0
E28: =$C28-$G28-$H28 -> 0 | F28: =$C28-$G28 -> 0 | G28: =SUMIF(Expenses!$C:$C,"="&'Budget Lines'!$A28,Expenses!$H:$H) -> 0 | H28: =SUMIF(Commitments!$B:$B,"="&'Budget Lines'!$A28,Commitments!$F:$F) -> 0 | I28: =VLOOKUP($B28,'Revenue Accounts'!$A:$J,10,FALSE) -> #N/A
E29: =$C29-$G29-$H29 -> 0 | F29: =$C29-$G29 -> 0 | G29: =SUMIF(Expenses!$C:$C,"="&'Budget Lines'!$A29,Expenses!$H:$H) -> 0 | H29: =SUMIF(Commitments!$B:$B,"="&'Budget Lines'!$A29,Commitments!$F:$F) -> 0 | I29: =VLOOKUP($B29,'Revenue Accounts'!$A:$J,10,FALSE) -> #N/A
E30: =$C30-$G30-$H30 -> 0 | F30: =$C30-$G30 -> 0 | G30: =SUMIF(Expenses!$C:$C,"="&'Budget Lines'!$A30,Expenses!$H:$H) -> 0 | H30: =SUMIF(Commitments!$B:$B,"="&'Budget Lines'!$A30,Commitments!$F:$F) -> 0 | I30: =VLOOKUP($B30,'Revenue Accounts'!$A:$J,10,FALSE) -> #N/A
E31: =$C31-$G31-$H31 -> 0 | F31: =$C31-$G31 -> 0 | G31: =SUMIF(Expenses!$C:$C,"="&'Budget Lines'!$A31,Expenses!$H:$H) -> 0 | H31: =SUMIF(Commitments!$B:$B,"="&'Budget Lines'!$A31,Commitments!$F:$F) -> 0 | I31: =VLOOKUP($B31,'Revenue Accounts'!$A:$J,10,FALSE) -> #N/A
E32: =$C32-$G32-$H32 -> 0 | F32: =$C32-$G32 -> 0 | G32: =SUMIF(Expenses!$C:$C,"="&'Budget Lines'!$A32,Expenses!$H:$H) -> 0 | H32: =SUMIF(Commitments!$B:$B,"="&'Budget Lines'!$A32,Commitments!$F:$F) -> 0 | I32: =VLOOKUP($B32,'Revenue Accounts'!$A:$J,10,FALSE) -> #N/A
E33: =$C33-$G33-$H33 -> 0 | F33: =$C33-$G33 -> 0 | G33: =SUMIF(Expenses!$C:$C,"="&'Budget Lines'!$A33,Expenses!$H:$H) -> 0 | H33: =SUMIF(Commitments!$B:$B,"="&'Budget Lines'!$A33,Commitments!$F:$F) -> 0 | I33: =VLOOKUP($B33,'Revenue Accounts'!$A:$J,10,FALSE) -> #N/A
E34: =$C34-$G34-$H34 -> 0 | F34: =$C34-$G34 -> 0 | G34: =SUMIF(Expenses!$C:$C,"="&'Budget Lines'!$A34,Expenses!$H:$H) -> 0 | H34: =SUMIF(Commitments!$B:$B,"="&'Budget Lines'!$A34,Commitments!$F:$F) -> 0 | I34: =VLOOKUP($B34,'Revenue Accounts'!$A:$J,10,FALSE) -> #N/A
E35: =$C35-$G35-$H35 -> 0 | F35: =$C35-$G35 -> 0 | G35: =SUMIF(Expenses!$C:$C,"="&'Budget Lines'!$A35,Expenses!$H:$H) -> 0 | H35: =SUMIF(Commitments!$B:$B,"="&'Budget Lines'!$A35,Commitments!$F:$F) -> 0 | I35: =VLOOKUP($B35,'Revenue Accounts'!$A:$J,10,FALSE) -> #N/A
E36: =$C36-$G36-$H36 -> 0 | F36: =$C36-$G36 -> 0 | G36: =SUMIF(Expenses!$C:$C,"="&'Budget Lines'!$A36,Expenses!$H:$H) -> 0 | H36: =SUMIF(Commitments!$B:$B,"="&'Budget Lines'!$A36,Commitments!$F:$F) -> 0 | I36: =VLOOKUP($B36,'Revenue Accounts'!$A:$J,10,FALSE) -> #N/A
E37: =$C37-$G37-$H37 -> 0 | F37: =$C37-$G37 -> 0 | G37: =SUMIF(Expenses!$C:$C,"="&'Budget Lines'!$A37,Expenses!$H:$H) -> 0 | H37: =SUMIF(Commitments!$B:$B,"="&'Budget Lines'!$A37,Commitments!$F:$F) -> 0 | I37: =VLOOKUP($B37,'Revenue Accounts'!$A:$J,10,FALSE) -> #N/A
E38: =$C38-$G38-$H38 -> 0 | F38: =$C38-$G38 -> 0 | G38: =SUMIF(Expenses!$C:$C,"="&'Budget Lines'!$A38,Expenses!$H:$H) -> 0 | H38: =SUMIF(Commitments!$B:$B,"="&'Budget Lines'!$A38,Commitments!$F:$F) -> 0 | I38: =VLOOKUP($B38,'Revenue Accounts'!$A:$J,10,FALSE) -> #N/A
E39: =$C39-$G39-$H39 -> 0 | F39: =$C39-$G39 -> 0 | G39: =SUMIF(Expenses!$C:$C,"="&'Budget Lines'!$A39,Expenses!$H:$H) -> 0 | H39: =SUMIF(Commitments!$B:$B,"="&'Budget Lines'!$A39,Commitments!$F:$F) -> 0 | I39: =VLOOKUP($B39,'Revenue Accounts'!$A:$J,10,FALSE) -> #N/A
... E1000: =$C1000-$G1000-$H1000 -> 0 | F1000: =$C1000-$G1000 -> 0 | G1000: =SUMIF(Expenses!$C:$C,"="&'Budget Lines'!$A1000,Expenses!$H:$H) -> 0 | H1000: =SUMIF(Commitments!$B:$B,"="&'Budget Lines'!$A1000,Commitments!$F:$F) -> 0 | I1000: =VLOOKUP($B1000,'Revenue Accounts'!$A:$J,10,FALSE) -> #N/A

Sheet Commitments
A1: Commitment Purpose | B1: Budget Line | C1: Account | D1: Gross Amount Reserved | E1: Amount Spent | F1: Amount Remaining | G1: Deduction Remaining
C2: =VLOOKUP($B2,'Budget Lines'!$A:$B,2,FALSE) -> #N/A | E2: =IF(A2="",0,SUMIF(Expenses!$D:$D,"="&Commitments!$A2,Expenses!$H:$H)) -> 0 | F2: =D2-E2 -> 0 | G2: =IF(F2>0,F2,0) -> 0
C3: =VLOOKUP($B3,'Budget Lines'!$A:$B,2,FALSE) -> #N/A | E3: =IF(A3="",0,SUMIF(Expenses!$D:$D,"="&Commitments!$A3,Expenses!$H:$H)) -> 0 | F3: =D3-E3 -> 0 | G3: =IF(F3>0,F3,0) -> 0
C4: =VLOOKUP($B4,'Budget Lines'!$A:$B,2,FALSE) -> #N/A | E4: =IF(A4="",0,SUMIF(Expenses!$D:$D,"="&Commitments!$A4,Expenses!$H:$H)) -> 0 | F4: =D4-E4 -> 0 | G4: =IF(F4>0,F4,0) -> 0
C5: =VLOOKUP($B5,'Budget Lines'!$A:$B,2,FALSE) -> #N/A | E5: =IF(A5="",0,SUMIF(Expenses!$D:$D,"="&Commitments!$A5,Expenses!$H:$H)) -> 0 | F5: =D5-E5 -> 0 | G5: =IF(F5>0,F5,0) -> 0
C6: =VLOOKUP($B6,'Budget Lines'!$A:$B,2,FALSE) -> #N/A | E6: =IF(A6="",0,SUMIF(Expenses!$D:$D,"="&Commitments!$A6,Expenses!$H:$H)) -> 0 | F6: =D6-E6 -> 0 | G6: =IF(F6>0,F6,0) -> 0
C7: =VLOOKUP($B7,'Budget Lines'!$A:$B,2,FALSE) -> #N/A | E7: =IF(A7="",0,SUMIF(Expenses!$D:$D,"="&Commitments!$A7,Expenses!$H:$H)) -> 0 | F7: =D7-E7 -> 0 | G7: =IF(F7>0,F7,0) -> 0
C8: =VLOOKUP($B8,'Budget Lines'!$A:$B,2,FALSE) -> #N/A | E8: =IF(A8="",0,SUMIF(Expenses!$D:$D,"="&Commitments!$A8,Expenses!$H:$H)) -> 0 | F8: =D8-E8 -> 0 | G8: =IF(F8>0,F8,0) -> 0
C9: =VLOOKUP($B9,'Budget Lines'!$A:$B,2,FALSE) -> #N/A | E9: =IF(A9="",0,SUMIF(Expenses!$D:$D,"="&Commitments!$A9,Expenses!$H:$H)) -> 0 | F9: =D9-E9 -> 0 | G9: =IF(F9>0,F9,0) -> 0
C10: =VLOOKUP($B10,'Budget Lines'!$A:$B,2,FALSE) -> #N/A | E10: =IF(A10="",0,SUMIF(Expenses!$D:$D,"="&Commitments!$A10,Expenses!$H:$H)) -> 0 | F10: =D10-E10 -> 0 | G10: =IF(F10>0,F10,0) -> 0
C11: =VLOOKUP($B11,'Budget Lines'!$A:$B,2,FALSE) -> #N/A | E11: =IF(A11="",0,SUMIF(Expenses!$D:$D,"="&Commitments!$A11,Expenses!$H:$H)) -> 0 | F11: =D11-E11 -> 0 | G11: =IF(F11>0,F11,0) -> 0
C12: =VLOOKUP($B12,'Budget Lines'!$A:$B,2,FALSE) -> #N/A | E12: =IF(A12="",0,SUMIF(Expenses!$D:$D,"="&Commitments!$A12,Expenses!$H:$H)) -> 0 | F12: =D12-E12 -> 0 | G12: =IF(F12>0,F12,0) -> 0
C13: =VLOOKUP($B13,'Budget Lines'!$A:$B,2,FALSE) -> #N/A | E13: =IF(A13="",0,SUMIF(Expenses!$D:$D,"="&Commitments!$A13,Expenses!$H:$H)) -> 0 | F13: =D13-E13 -> 0 | G13: =IF(F13>0,F13,0) -> 0
... C1000: =VLOOKUP($B1000,'Budget Lines'!$A:$B,2,FALSE) -> #N/A | E1000: =IF(A1000="",0,SUMIF(Expenses!$D:$D,"="&Commitments!$A1000,Expenses!$H:$H)) -> 0 | F1000: =D1000-E1000 -> 0 | G1000: =IF(F1000>0,F1000,0) -> 0

Sheet Expenses
A1: Item | B1: Vendor | C1: Budget Line | D1: Commitment | E1: Account | F1: Payer / Reimbursee | G1: Approved by | H1: Amount | I1: Budget Remaining | J1: Commitment Remaining | K1: Spent Date | L1: Paid Date
E2: =VLOOKUP($C2,'Budget Lines'!$A:$B,2,FALSE) -> #N/A | I2: =VLOOKUP($C2,'Budget Lines'!$A:$I,5,FALSE) -> #N/A | J2: =VLOOKUP($D2,Commitments!$A:$F,6,FALSE) -> #N/A
E3: =VLOOKUP($C3,'Budget Lines'!$A:$B,2,FALSE) -> #N/A | I3: =VLOOKUP($C3,'Budget Lines'!$A:$I,5,FALSE) -> #N/A | J3: =VLOOKUP($D3,Commitments!$A:$F,6,FALSE) -> #N/A
E4: =VLOOKUP($C4,'Budget Lines'!$A:$B,2,FALSE) -> #N/A | I4: =VLOOKUP($C4,'Budget Lines'!$A:$I,5,FALSE) -> #N/A | J4: =VLOOKUP($D4,Commitments!$A:$F,6,FALSE) -> #N/A
E5: =VLOOKUP($C5,'Budget Lines'!$A:$B,2,FALSE) -> #N/A | I5: =VLOOKUP($C5,'Budget Lines'!$A:$I,5,FALSE) -> #N/A | J5: =VLOOKUP($D5,Commitments!$A:$F,6,FALSE) -> #N/A
E6: =VLOOKUP($C6,'Budget Lines'!$A:$B,2,FALSE) -> #N/A | I6: =VLOOKUP($C6,'Budget Lines'!$A:$I,5,FALSE) -> #N/A | J6: =VLOOKUP($D6,Commitments!$A:$F,6,FALSE) -> #N/A
E7: =VLOOKUP($C7,'Budget Lines'!$A:$B,2,FALSE) -> #N/A | I7: =VLOOKUP($C7,'Budget Lines'!$A:$I,5,FALSE) -> #N/A | J7: =VLOOKUP($D7,Commitments!$A:$F,6,FALSE) -> #N/A
E8: =VLOOKUP($C8,'Budget Lines'!$A:$B,2,FALSE) -> #N/A | I8: =VLOOKUP($C8,'Budget Lines'!$A:$I,5,FALSE) -> #N/A | J8: =VLOOKUP($D8,Commitments!$A:$F,6,FALSE) -> #N/A
E9: =VLOOKUP($C9,'Budget Lines'!$A:$B,2,FALSE) -> #N/A | I9: =VLOOKUP($C9,'Budget Lines'!$A:$I,5,FALSE) -> #N/A | J9: =VLOOKUP($D9,Commitments!$A:$F,6,FALSE) -> #N/A
E10: =VLOOKUP($C10,'Budget Lines'!$A:$B,2,FALSE) -> #N/A | I10: =VLOOKUP($C10,'Budget Lines'!$A:$I,5,FALSE) -> #N/A | J10: =VLOOKUP($D10,Commitments!$A:$F,6,FALSE) -> #N/A
E11: =VLOOKUP($C11,'Budget Lines'!$A:$B,2,FALSE) -> #N/A | I11: =VLOOKUP($C11,'Budget Lines'!$A:$I,5,FALSE) -> #N/A | J11: =VLOOKUP($D11,Commitments!$A:$F,6,FALSE) -> #N/A
E12: =VLOOKUP($C12,'Budget Lines'!$A:$B,2,FALSE) -> #N/A | I12: =VLOOKUP($C12,'Budget Lines'!$A:$I,5,FALSE) -> #N/A | J12: =VLOOKUP($D12,Commitments!$A:$F,6,FALSE) -> #N/A
E13: =VLOOKUP($C13,'Budget Lines'!$A:$B,2,FALSE) -> #N/A | I13: =VLOOKUP($C13,'Budget Lines'!$A:$I,5,FALSE) -> #N/A | J13: =VLOOKUP($D13,Commitments!$A:$F,6,FALSE) -> #N/A
... E1000: =VLOOKUP($C1000,'Budget Lines'!$A:$B,2,FALSE) -> #N/A | I1000: =VLOOKUP($C1000,'Budget Lines'!$A:$I,5,FALSE) -> #N/A | J1000: =VLOOKUP($D1000,Commitments!$A:$F,6,FALSE) -> #N/A

Sheet About
A1: Simple Financial Tracking Template for Community Organizations
A2: v.2025.12.31
A4: © 2025, Z.A. Withers LLC: https://www.withersllc.com
A5: Licensed to the user per the terms of the Creative Commons CC BY 4.0 license: https://creativecommons.org/licenses/by/4.0/
A6: This template is:
A7: - free for use and adaptation without cost or permission
A8: - provided "As Is", and comes with no express or implied warranty of any kind, including merchantability or fitness for any particular purpose. I hope it's helpful; I'm sorry if it's not.
A9: - designed with small non-profit community groups in mind. Use in other contexts will likely require substantial modification.
A10: - intended to help with operational financial tracking, and not intended to facilitate compliance (tax, legal, accounting, contractual, or otherwise)
A13: Legend
A14: White cells are for manual entry of data
A15: Gray cells are automatically computed and should not be manually edited
... A25: Expenses: For recording specific expenses that have been made, who made them, whether they have been reimbursed (if applicable), and what budget line and/or commitment the expense should be charged to.
